 Dungeon Sprint DCSS version 0.29.1-12-g30fa7ad0bf (webtiles) character file.

Game seed: 14595853895881783276

5002 Groucho the Unseen (level 10, 0/46 HPs)
             Began as a Spriggan Enchanter on Jan 8, 2023.
             Was an Elder of Dithmenos.
             Slain by a kraken (27 damage)
             ... in the Dungeon (Sprint II: "The Violet Keep of Menkaure").
             The game lasted 00:08:01 (713 turns).

Groucho the Unseen (Spriggan Enchanter)              Turns: 713, Time: 00:08:02

Health: 0/46       AC:  4    Str:  8    XL:     10   Next: 29%
Magic:  21/28      EV: 19    Int: 18    God:    Dithmenos [****..]
Gold:   465        SH:  2    Dex: 13    Spells: 25/36 levels left

rFire   . . .      SeeInvis +   a - +1 dagger
rCold   . . .      Faith    .   (no shield)
rNeg    . . .      Spirit   .   b - +0 robe
rPois   .          Reflect  .   (helmet restricted)
rElec   .          Harm     .   (no cloak)
rCorr   .          Rampage  .   (gloves unavailable)
Will    +....      NoTele   +   (boots unavailable)
Stlth   ++++++++++              (no amulet)
HPRegen 0.15/turn               f - ring of the Octopus King {Fly HP+2 AC+2 EV+2 SH+2}
MPRegen 0.21/turn               (no ring)

@: mighty, confusing by touch, flying, wreathed by umbra, unable to read, very
quick
A: very small, no large weapons, unfitting armour, see invisible, speed 3,
clumsy 1, no potion heal 1, inability to read after injury 1
a: Renounce Religion, Shadow Step


You were in the Dungeon.
You worshipped Dithmenos.
Dithmenos was greatly pleased with you.
You visited 1 branch You collected 1296 gold pieces.
You spent 831 gold pieces at shops.

Inventory:

Hand Weapons
 a - a +1 dagger (weapon)
Armour
 b - a +0 robe (worn)
Jewellery
 f - a ring of the Octopus King (left hand) {Fly HP+2 AC+2 EV+2 SH+2}
   (You bought it in a shop in the Dungeon)

   [ring of flight]

   AC:        It affects your AC (+2).
   EV:        It affects your evasion (+2).
   HP:        It affects your health (+2).
   Fly:       It grants you flight.
   SH:        It affects your SH (+2).
Scrolls
 i - a scroll of blinking
Potions
 d - a potion of curing
 g - 2 potions of magic
 h - a potion of berserk rage
 j - a potion of attraction


   Skills:
 - Level 10.0 Short Blades
 - Level 2.6 Dodging
 - Level 18.0 Stealth
 + Level 13.9 Spellcasting
 + Level 6.3 Conjurations
 - Level 14.0 Hexes
 - Level 7.0 Ice Magic


You had 25 spell levels left.
You knew the following spells:

 Your Spells              Type           Power      Damage    Failure   Level
a - Ensorcelled Hibernat  Hex/Ice        100%       N/A       1%          2
b - Confusing Touch       Hex            58%        N/A       1%          3
c - Dazzling Flash        Conj/Hex       98%        N/A       1%          3
d - Tukima's Dance        Hex            58%        N/A       1%          3

Your spell library contained the following spells:

 Spells                   Type           Power      Damage    Failure   Level


Dungeon Overview and Level Annotations

Branches:
Dungeon (1/1)

Altars:
Cheibriados
Dithmenos
Elyvilon
Fedhas
Gozag
Hepliaklqana
Kikubaaqudgha
Makhleb
Nemelex Xobeh
Okawaru
Qazlal
Ru
Sif Muna
Trog
Uskayaw
Vehumet
Wu Jian
Xom
Yredelemnul
Zin
The Shining One
Jiyva
Lugonu

Shops:
D ?[:[*!:!(*:!==(

Annotations:
D exclusion: oklob plant


Innate Abilities, Weirdness & Mutations

You are very small and have problems with some larger weapons.
You are too small for most types of armour.
You have supernaturally acute eyesight. (SInv)
You cover ground extremely quickly. (Speed+++)
You are clumsy. (Dex -2)
Potions are less effective at restoring your health.
You occasionally lose the ability to read scrolls when taking damage.


Message History

There is an open door here.
There is an open door here.
There is an open door here.
There is a staircase leading out of the dungeon here.
There is an open door here.
There is an open door here.
Really fly into a travel-excluded area?
The walls and floor vibrate strangely for a moment.
Really fly into a travel-excluded area?
Found seven items.
Found five items.
Found 38 gold pieces, 2 fizzy silvery potions and two hand axes.
The water moccasin hisses angrily. x2
A kraken comes into view.
You feel very mighty all of a sudden. The kraken completely misses you.
Casting: Confusing Touch (safe; 1% risk of failure)
Confirm with . or Enter, or press ? or * to list all spells.
Aiming: Ensorcelled Hibernation (safe; 1% risk of failure)
Press: ? - help, Shift-Dir - straight line, f - kraken
Aim: a kraken (water, umbra, chance to affect: 37%)
The kraken easily resists.
The kraken barely misses you. The kraken closely misses you.
Casting: Ensorcelled Hibernation (safe; 1% risk of failure)
Confirm with . or Enter, or press ? or * to list all spells.
Aiming: Ensorcelled Hibernation (safe; 1% risk of failure)
Press: ? - help, Shift-Dir - straight line, f/p - kraken
Aim: a kraken (water, umbra, chance to affect: 37%)
The kraken easily resists.
The kraken bites you!!
Ouch! That really hurt!
* * * LOW HITPOINT WARNING * * *
You emit a cloud of dark smoke.
Your system partially rejects the healing.
You feel much better. The kraken closely misses you. The kraken misses you.
Casting: Ensorcelled Hibernation (safe; 1% risk of failure)
Confirm with . or Enter, or press ? or * to list all spells.
Your hands begin to glow red.
The kraken bites you!!
You feel threatened and lose the ability to read scrolls!
Ouch! That really hurt!
You die...

# ##. |▓!$$$?$?$▓▓
..####▓!$)!)?!)▓▓
..##)#▓$=?[?"$$▓▓
.^#††#▓$"!![?")▓▓
..#†.#▓!?????$!▓▓
..##.#▓(:[)()!$▓▓
#.^.##▓▓▓▓▓▓▓+▓▓▓▓+▓
~~~~~~~~~~~~~..§@§§▓
~#'########+###§§X§▓
~#._._._..#S§§##§§§▓
~#.._._._.#§S≈≈####▓
~#._._._._#§~§~≈#
~#_._._._.#~§~§§§
~#._._._..#§§~§~≈
≈#_._._...#§~~~≈S
≈#._._....#~§≈≈


You could see a kraken.

Vanquished Creatures
  A deep elf master archer (D)
  2 hell hogs (D)
  A merfolk siren (D)
  A yaktaur (D)
  A hornet (D)
  3 polar bears (D)
  4 neqoxecs (D)
  Menkaure (D)
  A water moccasin (D)
  3 black bears (D)
  5 scorpions (D)
  2 spectral adders (D)
  3 worms (D)
28 creatures vanquished.

Notes
Turn   | Place    | Note
-------+----------+-------------------------------------------
     0 | D        | Groucho the Spriggan Enchanter began the quest for the Orb.
     0 | D        | Reached XP level 1. HP: 9/9 MP: 5/5
     3 | D        | Noticed a merfolk siren
    10 | D        | Reached skill level 5 in Stealth
    18 | D        | Noticed a neqoxec
    25 | D        | Gained mutation: You are clumsy. (Dex -2) [a neqoxec]
    31 | D        | Gained mutation: You occasionally lose the ability to read
                  | scrolls when taking damage. [a neqoxec]
    34 | D        | Killed a neqoxec
    35 | D        | Reached skill level 10 in Stealth
    35 | D        | Reached skill level 5 in Spellcasting
    35 | D        | Reached XP level 2. HP: 13/13 MP: 5/9
    35 | D        | Reached XP level 3. HP: 16/16 MP: 6/11
    35 | D        | Reached XP level 4. HP: 21/21 MP: 6/12
    35 | D        | Noticed a neqoxec
    35 | D        | Noticed a neqoxec
    35 | D        | Noticed a neqoxec
    43 | D        | Killed a neqoxec
    44 | D        | Reached skill level 12 in Stealth
    44 | D        | Reached XP level 5. HP: 24/24 MP: 6/15
    44 | D        | Noticed a flying skull
    44 | D        | Noticed a flying skull
    44 | D        | Noticed a flying skull
    47 | D        | Noticed a flying skull
    48 | D        | Killed a neqoxec
    49 | D        | Reached skill level 14 in Stealth
    49 | D        | Reached XP level 6. HP: 28/28 MP: 6/18
    49 | D        | Gained mutation: Potions are less effective at restoring
                  | your health. [a neqoxec]
    57 | D        | Killed a neqoxec
    58 | D        | Reached skill level 15 in Stealth
    58 | D        | Reached XP level 7. HP: 32/32 MP: 7/20
    74 | D        | Reached skill level 16 in Stealth
    83 | D        | Learned a level 2 spell: Ensorcelled Hibernation
    87 | D        | Learned a level 3 spell: Confusing Touch
    91 | D        | Learned a level 3 spell: Dazzling Flash
    95 | D        | Learned a level 3 spell: Tukima's Dance
   334 | D        | Killed a merfolk siren
   335 | D        | Reached skill level 17 in Stealth
   335 | D        | Reached skill level 10 in Hexes
   335 | D        | Reached XP level 8. HP: 36/36 MP: 20/22
   349 | D        | Found Dimi Leel's Antique Weapon Shop.
   349 | D        | Found Zonixkum's Jewellery Boutique.
   349 | D        | Found Nifyal's Book Shop.
   349 | D        | Found Itsuips's Distillery.
   349 | D        | Found Duczangu's General Store.
   349 | D        | Found Gotyatz's Antique Weapon Shop.
   350 | D        | Found Baoppiur's Distillery.
   351 | D        | Found Weavvo's Book Shop.
   351 | D        | Found Iphext's Distillery.
   352 | D        | Found Doruis's Jewellery Boutique.
   352 | D        | Noticed Menkaure
   352 | D        | Noticed an iron elemental
   371 | D        | Killed Menkaure
   372 | D        | Reached skill level 10 in Spellcasting
   374 | D        | Found Fudats's Assorted Antiques.
   374 | D        | Found Atosmor's Antique Armour Boutique.
   374 | D        | Noticed an oklob plant
   375 | D        | Found Gysi's Antique Armour Shop.
   375 | D        | Found Reyrixoh's Magic Scroll Boutique.
   375 | D        | Found Jivow's Book Shoppe.
   378 | D        | Noticed a polar bear
   391 | D        | Noticed a death yak
   395 | D        | Noticed a polar bear
   423 | D        | Bought a ring of the Octopus King {Fly HP+2 AC+2 EV+2 SH+2}
                  | for 754 gold pieces
   423 | D        | Found the ring of the Octopus King {Fly HP+2 AC+2 EV+2
                  | SH+2}
   485 | D        | Found a glowing silver altar of Zin.
   486 | D        | Found a glowing golden altar of the Shining One.
   486 | D        | Found a basalt altar of Yredelemnul.
   486 | D        | Found a hide-covered altar of Uskayaw.
   487 | D        | Found a shimmering altar of Xom.
   487 | D        | Found a bloodstained altar of Trog.
   487 | D        | Found a radiant altar of Vehumet.
   487 | D        | Found a burning altar of Makhleb.
   488 | D        | Found an ornate altar of the Wu Jian Council.
   488 | D        | Found a shimmering blue altar of Sif Muna.
   488 | D        | Found a corrupted altar of Lugonu.
   489 | D        | Found a sacrificial altar of Ru.
   489 | D        | Found an ancient bone altar of Kikubaaqudgha.
   489 | D        | Found a white marble altar of Elyvilon.
   491 | D        | Found a stormy altar of Qazlal.
   491 | D        | Found a viscous altar of Jiyva.
   491 | D        | Found a shadowy altar of Dithmenos.
   492 | D        | Found a hazy altar of Hepliaklqana.
   492 | D        | Found a snail-covered altar of Cheibriados.
   494 | D        | Found a sparkling altar of Nemelex Xobeh.
   494 | D        | Found a blossoming altar of Fedhas.
   494 | D        | Noticed a hornet
   494 | D        | Noticed a polar bear
   495 | D        | Found an opulent altar of Gozag.
   495 | D        | Found an iron altar of Okawaru.
   495 | D        | Noticed a yaktaur
   500 | D        | Became a worshipper of Dithmenos the Shadowed
   508 | D        | Reached skill level 18 in Stealth
   508 | D        | Reached skill level 1 in Ice Magic
   517 | D        | Noticed a deep elf master archer
   522 | D        | Killed a deep elf master archer
   523 | D        | Reached skill level 10 in Short Blades
   523 | D        | Reached XP level 9. HP: 33/39 MP: 23/25
   527 | D        | Noticed a hell hog
   527 | D        | Noticed a hell hog
   529 | D        | Killed a hell hog
   529 | D        | Reached * piety under Dithmenos
   530 | D        | Reached skill level 5 in Ice Magic
   531 | D        | Killed a hell hog
   532 | D        | Reached skill level 5 in Conjurations
   544 | D        | Reached ** piety under Dithmenos
   580 | D        | Reached *** piety under Dithmenos
   581 | D        | Reached XP level 10. HP: 42/44 MP: 26/28
   598 | D        | Reached **** piety under Dithmenos
   648 | D        | Bought a potion of might for 44 gold pieces
   648 | D        | Bought a potion of attraction for 33 gold pieces
   702 | D        | Noticed a kraken
   713 | D        | Slain by a kraken

Illustrated notes

Levels and vault maps discovered:
D:        the_violet_keep_of_menkaure [sprint2_stairs_cluster_1,
          sprint2_shoproom, sprint2_temple, sprint2_basic_supplies,
          sprint2_obstacle_1, sprint2_obstacle_6, sprint2_obstacle_5,
          sprint2_obstacle_4, sprint2_obstacle_3, sprint2_timed_cluster_1,
          sprint2_smallroom_cluster_1, sprint2_smallroom_final_cluster_1,
          sprint2_transparent_cluster_1, sprint2_second_timed_cluster_1,
          sprint2_sniper_area_1, sprint2_heavy_combat_area_1,
          sprint2_mutation_trap_area_1, sprint2_forest_area_1,
          sprint2_light_combat_area_1, sprint2_behind_water_1,
          sprint2_near_end_vault_1]

Skill      XL: |  1  2  3  4  5  6  7  8  9 10 |
---------------+-------------------------------+-----
Stealth        | 10 12 14 15 17 18 | 18.0
Spellcasting   | 5 7 8 9 11 13 | 13.9
Short Blades   | 4 6 7 8 10 | 10.0
Hexes          | 6 7 8 10 12 13 14 | 14.0
Ice Magic      | 4 5 7 |  7.0
Conjurations   | 3 5 6 |  6.3
Dodging        | |  2.6

Action                   |  1- 3 |  4- 6 |  7- 9 | 10-12 || total
-------------------------+-------+-------+-------+-------++-------
Melee: Dagger            |    16 |    20 |    41 |     6 ||    83
       Punch             |       |       |     1 |       ||     1
 Cast: Confusing Touch   |       |       |     1 |     1 ||     2
       Ensorcelled Hiber |       |       |       |     2 ||     2
  Use: Potion            |     2 |       |     1 |     2 ||     5
 Stab: Sleeping          |     3 |       |    13 |     6 ||    22
       Invisible         |     1 |     6 |     1 |       ||     8
       Confused          |       |       |     1 |       ||     1
Armor: Robe              |     1 |       |     4 |       ||     5
Dodge: Dodged            |     2 |     7 |    11 |     5 ||    25
